Map: New Williamsberg

Players

quebecmartin - Winner!

  • Race: Zerg Zerg
  • Spawn Location: 0:00

sideburnmike - Winner!

  • Race: Terran Terran
  • Spawn Location: 9:00

Grumm - Winner!

  • Race: Protoss Protoss
  • League: Gold
  • Spawn Location: 6:00

A.I. 3 (Medium)

  • Race: Terran Terran
  • Spawn Location: 3:00

A.I. 4 (Hard)

  • Race: Zerg Zerg
  • Spawn Location: 12:00

A.I. 5 (Hard)

  • Race: Zerg Zerg
  • Spawn Location: 0:00

VOD

Have the link to the VOD?

Description

Time

  • Played on: Feb. 6, 2016, 2:10 a.m.
  • Length: 18:50
Show
View Real Time Build Order
Export as new Build Order

quebecmartin Zerg - Winner!

Build Orders: Pool First 

Get SALT Encoding   

  12  0:31  Drone x2  
  12  0:33  Overlord  
  14  0:40  Spawning Pool  
  13  0:44  Extractor  
  13  0:49  Drone, Extractor  
  12  1:11  Drone x2  
  14  1:26  Drone x2  
  16  1:40  Lair  
  16  1:43  Drone  
  17  2:33  Overlord x2  
  17  2:34  Overlord  
  17  3:25  Queen  
  19  3:29  Drone x3  
  22  3:56  Spire  
  22  4:00  Drone  
  22  4:01  Drone  
  23  4:04  Hatchery  
  23  4:08  Hatchery  
  21  4:24  Drone x2  
  23  4:28  Metabolic Boost  
  23  4:42  Drone x3  
  23  4:43  Drone x2  
  28  4:52  Extractor  
  27  4:57  Extractor  
  26  5:03  Overlord x2  
  26  5:11  Zerg Flyer Weapons Level 1  
  26  5:39  Zergling x10  
  31  6:07  Zergling x8  
  31  6:08  Zergling x2  
  36  6:20  Mutalisk  
  36  6:21  Mutalisk x2  
  36  6:22  Mutalisk  
  44  6:36  Zergling x2  
  44  6:37  Zergling x4, Mutalisk x2  
  41  7:00  Mutalisk  
  41  7:01  Mutalisk x3  
  49  7:09  Drone  
  49  7:10  Drone x2  
  52  7:29  Mutalisk x4  
  60  7:38  Drone x2  
  62  7:51  Drone x3  
  65  8:20  Overlord x3  
  65  8:23  Overlord x2  
  65  8:24  Overlord  
  65  8:46  Drone x3  
  68  8:54  Drone  
  68  8:55  Drone x4  
  73  9:02  Hatchery  
  72  9:28  Mutalisk x5  
  82  9:43  Drone x3  
  85  10:02  Drone x5  
  90  10:09  Mutalisk x4  
  90  10:13  Mutalisk x3  
  104  10:30  Drone  
  104  10:31  Drone x2  
  107  10:37  Drone  
  107  10:39  Drone x2  
  110  10:46  Overlord x3  
  110  10:49  Drone x3  
  113  11:00  Extractor  
  112  11:24  Mutalisk x2  
  112  11:25  Mutalisk x4  
  124  11:41  Mutalisk x3  
  124  11:46  Mutalisk x3  
  136  12:08  Overlord x2  
  136  12:09  Overlord, Mutalisk  
  136  12:10  Mutalisk x3  
  136  12:13  Overlord x2  
  144  12:28  Extractor  
  143  13:05  Mutalisk x3  
  143  13:12  Mutalisk x5  
  153  13:13  Mutalisk  
  161  13:20  Mutalisk x2  
  161  13:22  Mutalisk  
  167  13:30  Overlord  
  167  13:33  Overlord  
  167  13:54  Mutalisk  
  167  13:55  Mutalisk x3  
  173  14:01  Mutalisk  
  155  14:44  Mutalisk  
  155  14:45  Mutalisk x4  
  140  15:57  Mutalisk x3  
  140  16:02  Mutalisk  
  140  16:03  Mutalisk x2  
  146  16:15  Mutalisk x2  
  146  16:16  Mutalisk x2  
  154  16:20  Zergling x12  
  160  17:32  Hatchery  
Show
View Real Time Build Order
Export as new Build Order

sideburnmike Terran - Winner!

Build Orders:  

Get SALT Encoding   

  12  0:06  SCV  
  13  0:18  SCV  
  14  0:25  Supply Depot  
  14  0:35  SCV  
  15  0:39  Refinery  
  15  0:47  SCV  
  16  0:54  Barracks  
  16  0:59  SCV  
  17  1:11  SCV  
  18  1:28  Command Center  
  18  1:31  SCV  
  19  1:43  SCV  
  19  1:45  Supply Depot, Barracks Reactor  
  20  1:55  SCV  
  21  2:08  SCV  
  22  2:09  Refinery  
  22  2:11  Supply Depot  
  22  2:26  Marine x2  
  24  2:40  Barracks  
  24  2:42  Refinery  
  24  2:43  SCV  
  24  2:44  Marine x2  
  27  2:55  SCV  
  28  3:02  Marine  
  29  3:07  SCV  
  29  3:08  SCV  
  31  3:18  Marine  
  31  3:19  Marine, SCV  
  33  3:20  SCV  
  35  3:28  Barracks Reactor  
  35  3:31  SCV  
  35  3:32  SCV  
  35  3:33  Bunker  
  37  3:36  Marine  
  37  3:37  Marine  
  37  3:39  Engineering Bay  
  39  3:43  SCV  
  40  3:54  Marine  
  40  3:55  Marine, SCV  
  42  4:00  Refinery  
  43  4:08  SCV  
  44  4:10  Bunker  
  44  4:11  Marine  
  44  4:12  Neosteel Frame  
  44  4:13  Marine  
  46  4:20  SCV  
  46  4:22  Factory  
  47  4:29  Marine  
  47  4:31  Marine  
  49  4:32  Marine x2, SCV  
  52  4:44  SCV  
  53  4:45  Bunker  
  53  4:47  Marine  
  54  5:00  Supply Depot  
  54  5:08  Supply Depot  
  54  5:13  Factory Tech Lab  
  54  5:21  Marine x4  
  54  5:22  SCV  
  59  5:31  Terran Infantry Weapons Level 1  
  59  5:34  SCV  
  60  5:36  Supply Depot  
  60  5:39  Marine x4  
  60  5:41  Siege Tank  
  67  5:46  SCV  
  67  5:49  Factory  
  68  5:57  Marine x2  
  68  5:58  SCV  
  68  5:59  Armory  
  71  6:04  Armory  
  71  6:13  Siege Tank  
  71  6:14  Marine  
  71  6:15  Marine  
  71  6:16  Marine x2  
  78  6:44  Marine x2  
  78  6:46  Marine  
  78  6:47  Marine  
  77  7:01  Supply Depot  
  77  7:02  Marine  
  77  7:03  Factory Tech Lab  
  77  7:08  Terran Vehicle Weapons Level 1  
  78  7:09  Terran Vehicle And Ship Armor Level 1  
  78  7:22  Marine x4, SCV, Siege Tank  
  86  7:24  Supply Depot  
  86  7:25  Hi-Sec Auto Tracking  
  86  7:33  Supply Depot  
  86  7:45  Marine x4, SCV  
  86  7:47  Supply Depot  
  86  7:49  Siege Tank  
  94  7:55  Siege Tank  
  94  7:57  Supply Depot, SCV  
  98  8:03  Marine x4  
  102  8:21  Marine x4, SCV, Siege Tank  
  102  8:23  Terran Infantry Armor Level 1  
  110  8:27  Supply Depot, Siege Tank  
  110  8:33  SCV  
  114  8:38  Supply Depot, Marine x4  
  118  8:52  Supply Depot  
  118  8:53  Siege Tank  
  121  8:59  Siege Tank  
  121  9:02  Supply Depot  
  124  9:15  Missile Turret  
  121  9:44  Siege Tank  
  124  9:46  Siege Tank  
  124  9:49  Marine  
  124  9:50  Marine  
  124  9:52  Marine x2  
  131  9:55  Terran Vehicle Weapons Level 2  
  131  10:02  Terran Vehicle And Ship Armor Level 2  
  131  10:07  Marine  
  131  10:08  Marine  
  131  10:09  Marine  
  131  10:10  Missile Turret, Marine  
  135  10:16  Terran Infantry Weapons Level 2, Siege Tank  
  135  10:18  Siege Tank  
  141  10:25  Marine  
  142  10:30  Missile Turret  
  142  10:36  Orbital Command  
  142  10:50  Planetary Fortress  
  142  10:58  Supply Depot  
  142  11:05  Supply Depot  
  142  11:20  Marine x4, Siege Tank  
  142  11:22  Supply Depot  
  149  11:27  Siege Tank  
  149  11:28  Supply Depot  
  152  11:38  Marine x2  
  154  11:52  Siege Tank  
  157  11:59  Missile Turret  
  157  12:18  Missile Turret  
  157  12:22  Terran Vehicle Weapons Level 3  
  157  12:23  Terran Vehicle And Ship Armor Level 3  
  157  12:32  Terran Infantry Armor Level 2  
  157  12:38  Missile Turret  
  157  13:10  Command Center  
  157  13:25  Starport  
  157  13:27  Supply Depot  
  157  13:41  Starport  
  157  13:49  Supply Depot  
  157  14:02  Starport  
  157  14:29  Refinery  
  157  14:31  Refinery  
  157  14:48  Building Armor  
  157  15:15  Orbital Command  
  152  16:10  Starport Tech Lab  
  150  16:12  Starport Tech Lab  
  150  16:14  Starport Tech Lab  
  150  16:15  Starport  
  150  16:22  Starport  
  140  16:53  Starport  
  137  18:05  Starport Tech Lab  
  137  18:15  Command Center  
  137  18:19  Refinery  
  137  18:26  Starport Tech Lab  
  136  18:27  Starport Tech Lab  
  136  18:34  Fusion Core  
Show
View Real Time Build Order
Export as new Build Order

Grumm Protoss - Winner!

Build Orders:  

Get SALT Encoding   

  12  0:02  Probe (Chrono Boost)  
  13  0:13  Probe (Chrono Boost)  
  14  0:19  Pylon  
  14  0:23  Probe (Chrono Boost)  
  15  0:37  Assimilator, Probe (Chrono Boost)  
  16  0:45  Gateway  
  16  0:47  Probe (Chrono Boost)  
  17  0:55  Assimilator  
  17  0:58  Probe (Chrono Boost)  
  18  1:08  Probe (Chrono Boost)  
  19  1:19  Probe (Chrono Boost)  
  20  1:30  Probe (Chrono Boost)  
  20  1:32  Cybernetics Core  
  21  1:35  Pylon  
  21  1:40  Probe (Chrono Boost)  
  22  2:04  Nexus  
  22  2:18  Robotics Facility  
  22  2:21  Warp Gate (Chrono Boost)  
  22  2:35  Pylon  
  22  2:46  Probe (Chrono Boost)  
  23  2:56  Gateway  
  23  2:58  Gateway  
  23  3:02  Gateway  
  23  3:07  Observer  
  24  3:20  Probe  
  24  3:21  Probe  
  26  3:29  Assimilator  
  26  3:30  Probe  
  26  3:33  Probe  
  28  3:35  Assimilator  
  28  3:55  Warp Prism, Probe  
  28  3:56  Probe  
  32  4:05  Probe  
  32  4:07  Forge  
  32  4:08  Probe  
  34  4:16  Probe  
  34  4:19  Twilight Council  
  34  4:20  Probe  
  36  4:27  Probe  
  37  4:33  Probe  
  37  4:37  Probe  
  38  4:45  Probe  
  40  5:02  Pylon  
  40  5:04  Nexus  
  40  5:12  Robotics Bay  
  40  5:15  Probe (Chrono Boost)  
  40  5:16  Probe (Chrono Boost)  
  40  5:17  Pylon  
  42  5:23  Photon Cannon  
  42  5:26  Probe (Chrono Boost)  
  43  5:31  Gateway  
  43  5:38  Stalker x2  
  47  5:43  Adept  
  47  5:44  Sentry  
  45  5:56  Immortal  
  46  6:01  Gravitic Drive  
  46  6:09  Robotics Facility  
  46  6:10  Pylon  
  46  6:12  Stalker x2  
  46  6:15  Adept  
  46  6:17  Sentry  
  54  6:22  Mothership Core (Chrono Boost)  
  54  6:48  Stalker x4  
  62  7:05  Colossus  
  68  7:17  Probe (Chrono Boost)  
  68  7:18  Probe (Chrono Boost)  
  70  7:37  Pylon  
  70  7:52  Pylon, Probe (Chrono Boost)  
  70  7:54  Colossus, Nexus  
  73  7:59  Stalker x2  
  77  8:06  Pylon  
  77  8:08  Extended Thermal Lance  
  77  8:11  Protoss Ground Weapons Level 1  
  77  8:14  Blink  
  77  8:15  Probe x2 (Chrono Boost)  
  79  8:22  Gateway  
  79  8:25  Probe (Chrono Boost)  
  80  8:27  Photon Cannon  
  80  8:31  Assimilator  
  80  8:37  Photon Cannon  
  80  8:51  Assimilator  
  80  8:54  Warp Prism  
  82  9:25  Stalker x2  
  82  9:27  Stalker, Zealot  
  86  9:48  Zealot x2  
  86  9:50  Zealot x2  
  88  10:12  Adept  
  88  10:13  Adept  
  88  10:14  Zealot  
  84  10:31  Stalker  
  84  10:43  Stalker  
  84  10:44  Stalker x2  
  86  10:56  Adept  
  88  11:00  Probe x3 (Chrono Boost)  
  91  11:10  Probe (Chrono Boost)  
  91  11:11  Probe (Chrono Boost)  
  94  11:15  Charge  
  94  11:19  Zealot  
  94  11:20  Zealot x3  
  94  11:21  Probe x2 (Chrono Boost)  
  100  11:32  Probe x2 (Chrono Boost)  
  101  11:34  Colossus  
  101  11:39  Pylon  
  107  11:41  Pylon  
  107  11:43  Probe (Chrono Boost)  
  108  11:47  Pylon  
  108  11:57  Colossus  
  90  12:17  Zealot x3  
  90  12:18  Stalker x2  
  90  12:34  Colossus  
  92  12:39  Observer Gravitic Boosters  
  92  12:50  Colossus  
  98  13:28  Zealot x5  
  108  13:35  Photon Cannon  
  108  13:38  Pylon  
  108  13:41  Pylon  
  98  13:50  Photon Cannon  
  98  13:54  Zealot  
  93  14:02  Zealot x3  
  88  14:03  Zealot  
  88  14:07  Photon Cannon  
  92  14:20  Pylon  
  92  14:23  Photon Cannon  
  83  14:56  Stalker x2  
  83  14:57  Stalker x3  
  93  15:22  Nexus  
  93  15:25  Pylon  
  93  15:29  Pylon  
  93  15:39  Zealot x2  
  93  15:40  Zealot x3  
  103  15:46  Robotics Facility  
  103  15:50  Photon Cannon  
  103  15:52  Photon Cannon  
  103  15:55  Photon Cannon  
  103  16:02  Stalker  
  103  16:03  Stalker x3  
  103  16:04  Stalker  
  113  16:21  Assimilator  
  113  16:23  Assimilator  
  113  16:40  Zealot x4  
  113  16:41  Zealot  
  123  17:00  Stalker x2  
  123  17:01  Stalker x2  
  129  17:03  Stalker  
  121  17:25  Stalker x4  
  121  17:26  Stalker  
  131  18:12  Stalker x2  
  133  18:13  Stalker  
  133  18:14  Adept x2  
Show
View Real Time Build Order
Export as new Build Order

A.I. 3 (Medium) Terran 

Build Orders:  

Get SALT Encoding   

  12  0:01  SCV  
  13  0:13  SCV  
  14  0:19  Supply Depot  
  14  0:25  SCV  
  15  0:40  SCV  
  16  0:44  Barracks  
  16  0:49  Refinery  
  16  0:52  SCV  
  17  1:04  SCV  
  18  1:18  Supply Depot  
  18  1:31  Marine  
  19  1:34  Orbital Command, Barracks  
  19  1:43  Refinery  
  19  1:49  Barracks Tech Lab  
  19  2:08  Marine  
  20  2:12  Supply Depot  
  20  2:25  Marine  
  21  2:31  Marine  
  21  2:32  SCV  
  23  2:44  Marauder, SCV  
  26  2:46  Engineering Bay  
  26  2:56  SCV  
  27  2:58  Supply Depot  
  27  3:05  Marauder  
  29  3:08  SCV  
  30  3:20  SCV  
  30  3:26  Marauder  
  33  3:32  SCV  
  34  3:48  Marauder  
  36  5:15  Barracks Tech Lab, SCV  
  36  5:16  Marine  
  36  5:18  Factory  
  38  5:23  Factory  
  38  5:25  Supply Depot  
  38  5:28  SCV  
  39  5:30  Missile Turret  
  39  5:33  Marine  
  39  5:34  Ghost Academy  
  40  5:36  Missile Turret  
  40  5:37  Marine  
  40  5:39  Sensor Tower  
  41  5:44  Command Center, Barracks  
  41  5:51  Marine  
  42  6:01  Bunker  
  42  6:02  Factory Tech Lab  
  42  6:03  Ghost  
  44  6:04  Armory  
  44  6:10  Starport  
  44  6:11  Factory Tech Lab  
  44  6:31  Barracks Reactor  
  44  6:37  Marine  
  43  6:46  Marine  
  43  6:47  Starport Tech Lab  
  34  6:56  Marine  
  34  6:57  SCV  
  34  6:59  SCV  
  37  7:05  Marine  
  37  7:06  Raven  
  40  7:09  SCV  
  40  7:12  SCV  
  40  7:15  Marauder  
  44  7:18  Refinery  
  44  7:21  SCV  
  45  7:24  Marauder, SCV  
  45  7:28  Missile Turret  
  48  7:33  SCV  
  48  7:34  Missile Turret  
  48  7:36  Refinery, SCV  
  48  7:37  Marauder  
  52  7:45  SCV  
  52  7:46  Marauder  
  52  7:48  SCV  
  52  7:49  Raven  
  58  7:56  Bunker  
  58  7:57  SCV  
  59  8:00  SCV  
  60  8:09  SCV  
  60  8:12  SCV  
  62  8:15  Supply Depot  
  62  8:21  SCV  
  62  8:24  SCV  
  64  8:33  SCV  
  65  8:36  SCV  
  65  8:45  SCV  
  66  8:48  SCV  
  67  9:18  Siege Tank  
  67  9:20  Stimpack  
  70  9:26  Starport  
  70  9:28  Combat Shields, Widow Mine  
  70  9:29  Supply Depot  
  72  9:44  Terran Infantry Weapons Level 1  
  72  9:46  Medivac  
  72  9:48  Command Center, Engineering Bay  
  72  9:50  Thor  
  79  9:54  Supply Depot  
  79  9:57  Siege Tank  
  82  10:02  Medivac  
  84  10:13  Terran Infantry Armor Level 1  
  84  10:16  Raven  
  84  10:17  Marine  
  84  10:20  Fusion Core  
  80  10:27  Armory  
  78  10:29  Supply Depot, Thor  
  84  10:37  Widow Mine  
  86  10:47  Concussive Shells  
  86  10:55  Supply Depot  
  86  10:58  Raven  
  86  11:01  SCV  
  89  11:05  SCV  
  89  11:07  Siege Tank  
  89  11:08  SCV  
  94  11:12  Missile Turret  
  94  11:13  SCV  
  94  11:17  SCV  
  95  11:20  SCV  
  95  11:22  Missile Turret  
  96  11:25  SCV  
  96  11:26  Refinery  
  96  11:27  Starport Reactor  
  96  11:29  SCV  
  96  11:32  SCV  
  99  11:34  Refinery  
  99  11:37  SCV  
  100  11:41  SCV  
  100  11:44  Bunker  
  101  11:52  Raven  
  95  12:02  Marine  
  89  12:12  Marine  
  78  12:23  Marine  
  77  12:33  Marine  
  77  12:35  Raven  
  80  12:43  Marine  
  81  12:53  Thor  
  87  13:03  Thor  
  93  13:18  Raven  
  95  13:30  Marauder  
  95  13:32  Terran Infantry Weapons Level 2  
  97  13:36  Supply Depot  
  97  13:38  Reaper  
  98  13:45  Viking  
  100  13:51  Terran Infantry Armor Level 2  
  100  13:53  Marauder  
  102  14:00  Reaper  
  103  14:07  Viking  
  105  14:18  Terran Vehicle Weapons Level 1  
  105  14:21  SCV  
  104  14:25  SCV  
  104  14:26  Marine  
  100  14:34  Hellion  
  90  14:41  Marine  
  85  14:48  Missile Turret  
  85  14:49  Viking  
  77  14:57  Marauder  
  77  14:59  SCV  
  67  15:02  SCV  
  67  15:05  Hellion  
  47  15:11  SCV  
  47  15:12  Viking  
  46  15:15  SCV  
  46  15:19  Raven, Marauder  
  51  15:23  SCV  
  51  15:26  Marine  
  51  15:27  SCV  
  50  15:35  Hellion  
  50  15:40  SCV  
  50  15:41  Command Center  
  47  15:42  Viking  
  47  15:47  SCV  
  47  15:50  Marauder  
  47  15:52  SCV  
  41  15:57  Viking  
  32  16:12  Hellion  
  31  16:28  Viking  
  27  17:03  Command Center  
  26  17:40  Supply Depot  
  26  17:44  Refinery  
  26  17:50  SCV  
  27  17:53  SCV  
  28  18:02  SCV  
  28  18:05  SCV  
  29  18:08  Refinery  
  27  18:17  SCV x2  
  15  18:29  SCV x2  
  15  18:30  Refinery  
Show
View Real Time Build Order
Export as new Build Order

A.I. 4 (Hard) Zerg 

Build Orders: Pool First 

Get SALT Encoding   

  12  0:01  Drone  
  13  0:12  Overlord  
  13  0:17  Drone  
  14  0:30  Drone  
  14  0:32  Drone  
  16  0:42  Spawning Pool  
  16  0:45  Drone  
  16  0:50  Drone  
  16  0:52  Extractor  
  16  0:55  Drone  
  17  1:06  Overlord  
  17  1:31  Zergling x2, Queen  
  20  1:33  Zergling x2  
  20  1:38  Drone, Roach Warren  
  21  1:42  Extractor  
  20  1:49  Drone  
  20  1:52  Baneling Nest  
  20  1:59  Drone  
  21  2:10  Drone  
  22  2:21  Zergling x2  
  23  2:32  Drone  
  23  2:35  Baneling  
  24  2:37  Overlord, Baneling  
  24  2:38  Zergling x2, Baneling  
  24  2:40  Zergling x2  
  24  2:43  Zergling x2  
  27  2:54  Drone  
  28  3:05  Zergling x2  
  29  3:10  Zergling x2, Overlord  
  29  3:12  Zergling x2  
  31  3:16  Zergling x2  
  31  3:19  Baneling x3  
  32  3:27  Zergling x2  
  33  3:36  Evolution Chamber  
  33  3:38  Drone  
  33  3:42  Drone, Zergling x2  
  33  3:43  Drone  
  36  3:50  Drone  
  37  4:00  Drone  
  38  4:11  Drone  
  38  4:13  Drone, Overlord  
  40  4:42  Overlord, Roach  
  42  4:45  Evolution Chamber  
  42  4:46  Drone  
  42  4:52  Roach  
  44  4:55  Metabolic Boost  
  44  5:01  Zerg Melee Weapons Level 1, Roach  
  46  5:10  Lair  
  46  5:11  Zerg Ground Armor Level 1  
  46  5:32  Hatchery  
  41  5:51  Drone  
  42  6:09  Centrifical Hooks  
  42  6:11  Burrow  
  42  6:12  Hydralisk Den  
  42  6:14  Drone, Infestation Pit  
  41  6:19  Roach  
  43  6:29  Roach  
  45  6:38  Roach  
  47  6:44  Drone  
  47  6:46  Drone  
  49  6:47  Drone, Hydralisk  
  49  6:49  Drone  
  49  6:54  Drone  
  54  6:56  Hydralisk, Zerg Missile Weapons Level 1  
  54  6:58  Drone  
  57  7:02  Extractor  
  57  7:04  Drone  
  57  7:07  Drone  
  61  7:12  Overlord  
  61  7:14  Drone  
  62  7:17  Drone  
  62  7:19  Drone  
  62  7:21  Drone  
  65  7:23  Drone  
  65  7:25  Drone  
  65  7:27  Drone  
  68  7:32  Overlord  
  68  7:34  Drone  
  69  7:40  Drone  
  69  7:41  Drone  
  71  7:50  Drone  
  72  7:52  Drone  
  72  7:57  Drone, Overlord  
  77  8:01  Drone  
  77  8:03  Overseer  
  77  8:04  Drone  
  77  8:05  Overseer  
  79  8:10  Spore Crawler  
  78  8:14  Spore Crawler  
  78  8:16  Spore Crawler  
  78  8:19  Spore Crawler  
  75  8:22  Queen  
  77  8:27  Queen  
  79  8:38  Spire  
  78  8:41  Hydralisk  
  78  8:43  Spine Crawler  
  77  8:54  Hatchery  
  72  8:58  Pneumatized Carapace  
  72  9:08  Overlord  
  72  9:11  Overseer  
  72  9:13  Zergling x2  
  73  9:18  Roach  
  73  9:22  Roach  
  77  9:26  Roach  
  81  9:31  Roach  
  81  9:35  Hydralisk  
  83  9:39  Hydralisk  
  83  9:43  Overlord  
  83  9:44  Hydralisk  
  87  9:48  Infestor  
  87  9:49  Muscular Augments  
  89  9:59  Zerg Melee Weapons Level 2  
  89  10:04  Extractor  
  89  10:06  Drone  
  89  10:07  Drone  
  89  10:09  Drone  
  89  10:11  Drone  
  89  10:12  Drone  
  94  10:14  Drone  
  94  10:15  Drone  
  94  10:17  Drone  
  94  10:18  Drone  
  94  10:20  Drone  
  98  10:22  Drone  
  98  10:24  Drone  
  98  10:25  Drone, Overlord  
  98  10:27  Drone  
  102  10:28  Drone  
  102  10:30  Drone  
  102  10:32  Drone  
  102  10:34  Drone  
  107  10:35  Drone  
  107  10:37  Drone  
  107  10:39  Drone  
  109  10:44  Overlord  
  109  10:48  Zerg Ground Armor Level 2  
  109  10:58  Pathogen Glands  
  109  11:06  Glial Reconstitution  
  109  11:09  Extractor  
  109  11:11  Drone  
  109  11:14  Spine Crawler  
  109  11:15  Drone  
  109  11:16  Zerg Flyer Weapons Level 1, Extractor  
  109  11:17  Drone  
  109  11:21  Spine Crawler  
  109  11:23  Drone  
  109  11:24  Spine Crawler  
  108  11:25  Drone  
  108  11:29  Drone, Spine Crawler  
  108  11:32  Queen  
  111  11:35  Drone, Spore Crawler  
  111  11:39  Spore Crawler  
  110  11:41  Drone  
  97  12:01  Mutalisk  
  97  12:07  Mutalisk  
  98  12:09  Hive  
  98  12:14  Mutalisk  
  98  12:15  Zerg Missile Weapons Level 2  
  92  12:20  Corruptor  
  90  12:26  Mutalisk  
  92  12:32  Mutalisk  
  94  12:39  Mutalisk  
  96  12:45  Corruptor  
  98  12:57  Overlord, Overseer, Mutalisk  
  100  13:03  Mutalisk  
  102  13:09  Mutalisk  
  104  13:16  Overlord, Mutalisk  
  106  13:22  Mutalisk, Viper  
  111  13:28  Mutalisk, Ultralisk Cavern  
  111  13:30  Hatchery  
  111  13:31  Drone  
  111  13:32  Drone  
  111  13:34  Overlord, Corruptor  
  113  13:40  Corruptor  
  117  13:55  Spine Crawler, Viper  
  117  14:00  Spine Crawler  
  118  14:21  Queen  
  118  14:27  Mutalisk  
  118  14:30  Roach  
  91  14:34  Mutalisk  
  82  14:43  Mutalisk  
  76  14:46  Overlord, Roach  
  74  15:05  Overlord  
  74  15:06  Zergling x2  
  71  15:09  Extractor  
  71  15:10  Roach  
  71  15:13  Extractor  
  71  15:14  Zergling x2  
  68  15:21  Overlord  
  66  15:23  Overlord  
  66  15:26  Overlord  
  66  15:28  Overlord  
  65  15:30  Overlord  
  64  15:38  Evolution Chamber  
  64  15:41  Evolution Chamber, Lair  
  64  15:42  Overlord  
  59  15:45  Overlord  
  59  15:53  Overlord  
  57  15:57  Overlord  
  52  16:12  Zergling x2  
  52  16:15  Queen  
  52  16:16  Zergling x2  
  52  16:17  Overlord  
  56  16:19  Roach Warren  
  56  16:20  Zergling x2  
  56  16:24  Zergling x2  
  54  16:27  Zergling x2  
  54  16:31  Zergling x2  
  50  16:35  Zergling x2, Overlord  
  50  16:39  Zergling x2  
  50  16:41  Overseer  
  50  16:43  Zergling x2  
  50  16:44  Drone x3  
  49  16:47  Drone, Zergling x2  
  49  16:49  Overseer  
  49  16:51  Zergling x2  
  49  16:52  Overseer  
  41  16:54  Drone, Zergling x2, Queen  
  41  16:55  Drone, Overlord  
  41  16:57  Drone  
  41  16:58  Zergling x2  
  41  16:59  Drone, Spore Crawler  
  41  17:00  Drone  
  38  17:02  Zergling x2  
  38  17:03  Drone  
  38  17:05  Drone  
  38  17:06  Hydralisk Den, Zergling x2  
  38  17:07  Drone  
  40  17:08  Drone  
  40  17:10  Zergling x2, Spire  
  40  17:13  Roach  
  40  17:14  Drone, Spore Crawler  
  40  17:16  Overlord  
  40  17:17  Drone, Zergling x2  
  40  17:20  Drone  
  40  17:21  Drone, Roach  
  37  17:23  Drone  
  37  17:24  Drone  
  37  17:27  Lair  
  27  17:42  Hydralisk  
  20  17:48  Overlord  
  15  18:06  Drone  
  15  18:07  Zergling x2  
  15  18:09  Overlord  
  16  18:17  Drone  
  16  18:19  Overlord  
  16  18:28  Drone  
Show
View Real Time Build Order
Export as new Build Order

A.I. 5 (Hard) Zerg 

Build Orders: Pool First 

Get SALT Encoding   

  12  0:01  Drone  
  13  0:12  Overlord  
  13  0:17  Drone  
  14  0:30  Drone  
  14  0:32  Drone  
  16  0:42  Spawning Pool  
  15  0:45  Drone  
  16  0:50  Drone  
  16  0:52  Extractor  
  16  0:55  Drone  
  17  1:06  Overlord  
  17  1:29  Queen  
  17  1:31  Zergling x2  
  20  1:37  Zergling x2, Roach Warren  
  20  1:38  Drone  
  21  1:43  Extractor  
  20  1:49  Drone  
  21  2:00  Drone  
  22  2:10  Overlord  
  22  2:21  Drone  
  23  2:32  Roach  
  23  2:36  Drone  
  26  2:38  Roach  
  26  2:43  Overlord  
  28  2:45  Roach  
  30  2:54  Roach  
  32  3:05  Roach  
  34  3:08  Drone  
  34  3:11  Roach  
  34  3:12  Overlord  
  37  3:17  Drone  
  38  3:28  Roach  
  38  3:29  Baneling Nest  
  39  3:35  Evolution Chamber  
  39  3:38  Drone  
  39  3:40  Drone, Roach  
  42  3:42  Drone  
  43  3:50  Drone  
  44  4:01  Drone  
  45  4:12  Drone  
  46  4:25  Zergling x2  
  46  5:00  Lair, Overlord  
  46  5:01  Evolution Chamber, Zerg Melee Weapons Level 1  
  46  5:04  Drone  
  46  5:24  Hatchery  
  46  5:26  Drone  
  46  5:27  Zerg Ground Armor Level 1  
  46  5:44  Overlord  
  46  5:56  Drone, Spore Crawler  
  46  5:58  Burrow, Overseer  
  46  6:00  Hydralisk Den, Overseer  
  45  6:05  Spore Crawler  
  45  6:07  Drone  
  45  6:23  Infestation Pit  
  45  6:24  Drone  
  45  6:29  Hydralisk  
  45  6:32  Spine Crawler  
  46  6:33  Drone  
  46  6:36  Queen  
  46  6:37  Drone  
  46  6:39  Drone, Hydralisk  
  51  6:42  Drone  
  51  6:46  Drone  
  41  6:47  Hydralisk  
  39  6:55  Zerg Missile Weapons Level 1  
  39  6:57  Roach  
  41  7:02  Drone  
  41  7:04  Drone  
  41  7:06  Drone, Roach  
  41  7:07  Drone  
  47  7:09  Drone  
  47  7:13  Drone  
  49  7:16  Drone  
  49  7:18  Queen  
  49  7:22  Muscular Augments  
  50  7:24  Drone  
  50  7:25  Drone  
  50  7:27  Drone  
  50  7:28  Ravager, Drone  
  55  7:31  Roach  
  55  7:37  Drone  
  58  7:39  Zergling x2  
  58  7:41  Drone x2  
  58  7:43  Drone  
  60  7:44  Overlord  
  60  7:47  Drone  
  60  7:48  Roach  
  63  7:57  Overseer, Roach  
  65  8:04  Spine Crawler, Overlord  
  64  8:06  Drone, Hydralisk  
  64  8:12  Spore Crawler  
  66  8:14  Drone, Spore Crawler  
  66  8:15  Ravager, Drone  
  66  8:17  Roach  
  70  8:22  Queen  
  72  8:32  Spire  
  71  8:39  Spine Crawler  
  70  8:42  Spine Crawler  
  69  8:59  Hive  
  69  9:02  Extractor  
  69  9:04  Extractor  
  69  9:05  Hatchery  
  66  9:15  Queen  
  66  9:21  Drone  
  58  9:25  Zergling x2  
  42  9:49  Zergling x2  
  38  10:03  Hydralisk  
  37  10:09  Drone  
  37  10:11  Drone  
  37  10:13  Drone  
  36  10:14  Zergling x2  
  36  10:18  Drone  
  36  10:19  Drone  
  40  10:21  Drone  
  40  10:22  Drone  
  40  10:24  Hydralisk  
  40  10:25  Drone  
  40  10:26  Drone  
  40  10:28  Drone  
  43  10:29  Drone  
  43  10:31  Drone, Pneumatized Carapace  
  43  10:34  Roach  
  42  10:36  Zergling x2  
  42  10:38  Extractor  
  42  10:40  Drone  
  41  10:44  Drone, Ultralisk Cavern  
  41  10:47  Drone  
  40  10:50  Drone  
  40  10:54  Hydralisk  
  39  10:58  Drone  
  39  11:03  Drone  
  37  11:05  Zergling x2  
  37  11:06  Drone  
  37  11:08  Overseer  
  39  11:14  Hydralisk  
  39  11:25  Zergling x2  
  39  11:30  Lair  
  39  11:35  Ultralisk  
  39  11:36  Extractor  
  39  11:38  Drone  
  45  11:45  Hydralisk  
  45  11:55  Ultralisk  
  50  12:05  Hydralisk  
  50  12:07  Overlord  
  52  12:15  Hydralisk  
  54  12:26  Zergling x2  
  54  12:29  Overseer  
  55  12:30  Overseer  
  55  12:45  Overseer  
  55  12:54  Overlord  
  55  12:56  Hatchery  
  55  12:57  Hive, Corruptor  
  56  13:09  Drone  
  57  13:18  Overlord  
  57  13:19  Extractor  
  56  13:22  Drone  
  56  13:24  Evolution Chamber  
  56  13:26  Drone  
  52  13:58  Spawning Pool  
  49  14:09  Drone  
  50  14:15  Overlord, Mutalisk  
  38  14:33  Corruptor  
  38  14:35  Overlord  
  40  14:45  Overlord, Overseer  
  40  14:47  Evolution Chamber  
  40  14:49  Spire  
  36  15:03  Drone, Overlord  
  36  15:04  Zergling x2  
  36  15:05  Drone  
  39  15:32  Infestation Pit  
  38  15:36  Overlord  
  38  15:38  Drone, Zergling x2  
  33  15:44  Queen  
  33  15:46  Overseer  
  35  16:03  Corruptor  
  36  16:07  Overlord  
  27  16:26  Infestation Pit  
  21  16:34  Spawning Pool  
  16  16:43  Overlord  
  16  17:19  Overlord  
  16  17:55  Drone, Overlord  
  14  18:08  Drone  
Tags
 
Add a new tag
Caveats
  • Supply blocks, unpowered buildings, or Contaminate may cause inaccurate times.
  • Supply counts are checked every 10 seconds.